 Dungeon Crawl Stone Soup version 0.28.0-43-g3370ac3207 (webtiles) character file.

Game seed: 1879560633015093891

1044 vvl the Ducker (level 8, 0/78 HPs)
             Began as a Demonspawn Venom Mage on Mar 11, 2022.
             Slain by a gnoll
             ... wielding a +0 whip
              (4 damage)
             ... on level 5 of the Dungeon.
             The game lasted 00:14:22 (6412 turns).

vvl the Ducker (Demonspawn Venom Mage)              Turns: 6412, Time: 00:14:22

Health: 0/78       AC:  7    Str:  9    XL:     8   Next: 4%
Magic:  13/13      EV:  7    Int: 19    God:
Gold:   183        SH:  0    Dex: 19    Spells: 13/14 levels left

rFire   + . .      SeeInvis +   o - +0 war axe
rCold   . . .      Faith    .   m - orb {*Rage}
rNeg    . . .      Spirit   .   a - +0 robe
rPois   .          Reflect  .   (no helmet)
rElec   .          Harm     .   g - +2 cloak
rCorr   .          Rampage  .   e - +1 pair of gloves
Will    .....      Rage     20% (boots unavailable)
Stlth   ..........              r - amulet of magic regeneration
HPRegen 0.23/turn               j - ring of flight
MPRegen 0.53/turn               u - +6 ring of dexterity

@: berserking (expiring), lit by a corona, flying, held, glowing, very quick
A: hooves 3, ignite blood 2, see invisible, fire resistance 1, wild magic 1
a: no special abilities


You were on level 5 of the Dungeon.
You visited 1 branch of the dungeon, and saw 5 of its levels.

You collected 183 gold pieces.

Inventory:

Hand Weapons
 c - a +2 mace of protection
 k - a +1 antimagic trident
 o - a +0 war axe (weapon)
 t - a +2 whip of freezing
Armour
 a - a +0 robe (worn)
 e - a +1 pair of gloves (worn)
 g - a +2 cloak (worn)
 m - an orb of wrath (worn)
Magical Staves
 h - a staff of fire
Jewellery
 j - a ring of flight (left hand)
 r - an amulet of magic regeneration (around neck)
 u - a +6 ring of dexterity (right hand)
Wands
 d - a wand of polymorph (8)
Scrolls
 b - a scroll of fog {unknown}
 l - a scroll of immolation {unknown}
 s - a scroll of summoning {unknown}
 w - 2 scrolls of teleportation
Potions
 f - a potion of resistance
 i - a potion of degeneration {unknown}
 n - a potion of lignification {unknown}
 p - 2 potions of heal wounds {unknown}
 q - a potion of curing
 v - 2 potions of might {unknown}


   Skills:
 * Level 4.7 Dodging
 - Level 2.0 Stealth
 + Level 3.5 Spellcasting
 * Level 4.1 Summonings
 + Level 3.3 Necromancy
 + Level 3.0 Transmutations
 + Level 4.4 Poison Magic


You had 13 spell levels left.
You knew the following spells:

 Your Spells              Type           Power      Damage    Failure   Level
a - Sting                 Tmut/Pois      88%        1d7       5%          1

Your spell library contained the following spells:

 Spells                   Type           Power      Damage    Failure   Level
 Poisonous Vapours        Pois/Air       30%        N/A       13%         2
 Ignite Poison            Fire/Tmut/Pois 16%        N/A       22%         3
 Mephitic Cloud           Conj/Pois/Air  11%        N/A       32%         3
 Olgreb's Toxic Radiance  Pois           26%        N/A       32%         4
 Confusing Touch          Hex            4%         N/A       50%         3
 Yara's Violent Unravell  Hex/Tmut       5%         3d4       95%         5
 Freezing Cloud           Conj/Ice/Air   2%         6-21      99%         5
 Enfeeble                 Hex            2%         N/A       100%        7
 Malign Gateway           Summ/Tloc      7%         N/A       100%        7
 Summon Horrible Things   Summ           12%        N/A       100%        8


Dungeon Overview and Level Annotations

Branches:
Dungeon (5/15)
 Temple: D:4-7

Altars:
Dithmenos
Xom


Innate Abilities, Weirdness & Mutations

You have hooves in place of feet.
Your demonic aura often causes spilled blood to erupt in flames.
You have supernaturally acute eyesight. (SInv)
Your flesh is heat resistant. (rF+)
Your spells are a little harder to cast, but a little more powerful.


Message History

You hit the gnoll shaman but do no damage.
Your kick misses the gnoll shaman.
The gnoll shaman is heavily wounded.
The gnoll shaman barely misses you. The gnoll closely misses you.
The gnoll shaman invokes the aid of its god against you.
You are outlined in light.
You barely miss the gnoll shaman.
The gnoll shaman is heavily wounded.
The gnoll looks more healthy.
The gnoll hits you from afar with a +0 halberd.
The gnoll completely misses you.
The gnoll shaman hits you with a +0 club.
You kill the gnoll shaman!
Your Transmutations skill increases to level 3!
Casting: Sting (safe; 5% risk of failure)
Confirm with . or Enter, or press ? or * to list all spells.
Aiming: Sting (safe; 5% risk of failure)
Press: ? - help, Shift-Dir - straight line, f - gnoll
Aim: a gnoll, wielding a +0 halberd (heavily wounded, 79% to hit)
The sting hits the gnoll.
The gnoll is poisoned.
The gnoll is heavily wounded.
The gnoll closely misses you.
A red film seems to cover your vision as you go berserk!
You feel yourself moving faster!
You feel mighty!
You hit the gnoll.
The gnoll is heavily wounded.
The gnoll is no longer moving quickly.
The gnoll throws a throwing net.
The throwing net hits you.
You become entangled in the net!
The gnoll hits you with a +0 whip.
You struggle against the net.
The gnoll hits you from afar with a +0 halberd!
* * * LOW HITPOINT WARNING * * *
The gnoll hits you with a +0 whip.
* * * LOW HITPOINT WARNING * * *
You are too berserk!
You struggle against the net.
You feel a strong urge to attack something.
The gnoll hits you from afar with a +0 halberd.
* * * LOW HITPOINT WARNING * * *
The gnoll hits you with a +0 whip.
You die...

...###..###.# ..
...........
....###..##.## ...
#.........
##...........# #..
#........
#.####<##...##
#.##.>>..... #.#
#.(.....#####
#$.......... #.#
###.........#
###..gg....< ###
#.........#
#...g.....
#.......g.###
#...######
#.......@.gg######.#
...#####.###..).).).#
#.## ###
#######.......# #.
##......# ####...#
...# .<# ##


You could see 3 gnolls.

Vanquished Creatures
  An orc warrior (D:4)
  2 ogres (D:5)
  A phantom (D:4)
  A bullfrog (D:4)
  A scorpion (D:4)
  A water moccasin skeleton (D:5)
  A bullfrog zombie (D:5)
  A hound (D:5)
  2 orc priests
  An iguana (D:4)
  A gnoll shaman (D:5)
  4 orc wizards
  Ijyb (D:3)
  7 gnolls
  6 adders
  A shadow imp (D:3)
  2 worms (D:2)
  3 dart slugs
  15 orcs
  7 bats
  4 endoplasms
  4 giant cockroaches
  3 goblins
  9 hobgoblins
  4 jackals (D:1)
  9 kobolds
  5 quokkas
  6 ball pythons
  3 frilled lizards (D:1)
  4 rats
110 creatures vanquished.

Notes
Turn   | Place    | Note
-------+----------+-------------------------------------------
     0 | D:1      | vvl the Demonspawn Venom Mage began the quest for the Orb.
     0 | D:1      | Reached XP level 1. HP: 13/13 MP: 3/3
   111 | D:1      | Reached skill level 1 in Transmutations
   360 | D:1      | Gained mutation: You have large cloven feet. [demonic
                  | ancestry]
   360 | D:1      | Reached XP level 2. HP: 6/19 MP: 0/5
  1089 | D:1      | Reached XP level 3. HP: 24/24 MP: 3/6
  1667 | D:2      | Reached skill level 1 in Necromancy
  2054 | D:2      | Gained mutation: Your demonic aura sometimes causes spilled
                  | blood to erupt in flames. [demonic ancestry]
  2054 | D:2      | Reached XP level 4. HP: 30/30 MP: 2/7
  2214 | D:2      | Found a faded altar of an unknown god.
  2219 | D:2      | Reached skill level 1 in Summonings
  2954 | D:3      | Gained mutation: You have hoof-like feet. [demonic
                  | ancestry]
  2954 | D:3      | Reached XP level 5. HP: 13/35 MP: 2/8
  2985 | D:3      | Gained mutation: Your flesh is heat resistant. (rF+)
                  | [potion of mutation]
  2985 | D:3      | Gained mutation: Your spells are a little harder to cast,
                  | but a little more powerful. [potion of mutation]
  2985 | D:3      | Gained mutation: You have supernaturally acute eyesight.
                  | (SInv) [potion of mutation]
  3264 | D:3      | Found a shadowy altar of Dithmenos.
  3383 | D:3      | Noticed Ijyb
  3420 | D:3      | Killed Ijyb
  3781 | D:4      | Gained mutation: You have hooves in place of feet. [demonic
                  | ancestry]
  3781 | D:4      | Reached XP level 6. HP: 41/41 MP: 4/10
  5076 | D:4      | Found a shimmering altar of Xom.
  5208 | D:4      | Reached XP level 7. HP: 39/46 MP: 5/11
  5816 | D:5      | Entered Level 5 of the Dungeon
  6360 | D:5      | Gained mutation: Your demonic aura often causes spilled
                  | blood to erupt in flames. [demonic ancestry]
  6360 | D:5      | Reached XP level 8. HP: 50/52 MP: 9/13
  6412 | D:5      | Slain by a gnoll

Illustrated notes

Levels and vault maps discovered:
D:1:      dpeg_arrival_tiny_g, layout_loops_cross
D:2:      layout_basic, basic_ecumenical_altar
D:3:      layout_basic, grunt_dithmenos_smoke, uniq_ijyb
D:4:      layout_rooms, xom_teletrap_fun, guppyfry_early_orc_mine
D:5:      layout_rooms, minmay_small_thing, uniq_sigmund

Skill      XL: |  1  2  3  4  5  6  7  8 |
---------------+-------------------------+-----
Dodging        | 2 3 4 |  4.7
Transmutations | 1 2 3 |  3.0
Stealth        | 2 |  2.0
Necromancy     | 1 2 3 |  3.3
Summonings     | 1 2 3 4 |  4.1
Spellcasting   | 3 |  3.5
Poison Magic   | 4 |  4.4

Action                   |  1- 3 |  4- 6 |  7- 9 || total
-------------------------+-------+-------+-------++-------
Melee: Mace              |    63 |    20 |       ||    83
       Unarmed           |     3 |     7 |       ||    10
       Kick              |    17 |     8 |    15 ||    40
       Punch             |     1 |       |       ||     1
       War axe           |       |   115 |    29 ||   144
 Cast: Sting             |    55 |    53 |    47 ||   155
  Use: Potion            |       |     3 |     1 ||     4
       Scroll            |       |       |     3 ||     3
 Stab: Sleeping          |       |     1 |       ||     1
Armor: Robe              |    30 |    75 |    21 ||   126
Dodge: Dodged            |    84 |   134 |    41 ||   259
